 Dungeon Crawl Stone Soup version 0.26.1-2-gb8aa6d0cf2 (webtiles) character file.

Game seed: 13045031055574326597

427 Martska the Chucker (level 6, -2/99 HPs)
             Began as an Ogre Hunter on Mar 17, 2021.
             Was a Follower of Trog.
             Slain by a centaur (5 damage)
             ... on level 4 of the Dungeon.
             The game lasted 00:07:05 (5593 turns).

Martska the Chucker (Ogre Hunter)                   Turns: 5593, Time: 00:07:06

Health: -2/99      AC:  5    Str: 19    XL:     6   Next: 97%
Magic:  6/6        EV: 11    Int: 12    God:    Trog [*.....]
Gold:   247        SH:  0    Dex:  9    Spells: 5/5 levels left

rFire    . . .     SeeInvis .   r - +0 flail
rCold    . . .     Faith    .   (no shield)
rNeg     . . .     Spirit   .   j - +0 animal skin
rPois    .         Reflect  .   (helmet restricted)
rElec    .         Harm     .   q - +1 cloak
rCorr    .         Rampage  .   (gloves unavailable)
Will     +....                  (boots unavailable)
Stlth    ..........             y - amulet of the acrobat
HPRegen  0.26/turn              h - ring of willpower
MPRegen  0.10/turn              (no ring)

@: berserking, very quick
A: large, unfitting armour, tough skin 1
a: Renounce Religion, Berserk


You were on level 4 of the Dungeon.
You worshipped Trog.
Trog was aware of your devotion.
You visited 1 branch of the dungeon, and saw 4 of its levels.

You collected 247 gold pieces.

Inventory:

Hand Weapons
 a - a +0 short sword
 e - a +0 club
 m - a +0 whip
 r - a +0 flail (weapon)
Missiles
 c - 9 large rocks (quivered)
 d - 2 throwing nets
Armour
 b - a +0 robe
 j - a +0 animal skin (worn)
 q - a +1 cloak (worn)
Jewellery
 h - a ring of willpower (left hand)
 y - an amulet of the acrobat (around neck)
Wands
 u - a wand of polymorph (8)
Scrolls
 f - a scroll of enchant weapon {unknown}
 i - a scroll of enchant armour {unknown}
 k - a scroll of identify {unknown}
 n - 7 scrolls of remove curse {unknown}
 o - a scroll of magic mapping {unknown}
 t - a scroll of fog {unknown}
 v - 2 scrolls of teleportation {unknown}
 w - a scroll of noise {unknown}
 x - a scroll of immolation {unknown}
Potions
 g - 3 potions of curing
 l - a potion of heal wounds {unknown}
 p - a potion of mutation {unknown}
 s - a potion of lignification {unknown}


   Skills:
 * Level 5.0 Fighting
 * Level 2.4 Maces & Flails
 * Level 5.1 Throwing
 * Level 3.6 Dodging
 + Level 1.9 Stealth


You had 5 spell levels left.
You didn't know any spells.
Your spell library was empty.

Dungeon Overview and Level Annotations

Branches:
Dungeon (4/15)
 Temple: D:4-7

Altars:
Gozag
Makhleb
Trog
Zin


Innate Abilities, Weirdness & Mutations

You are too large for most types of armour.
You have tough skin. (AC +1)


Message History

The centaur is heavily wounded.
The centaur hits you. The centaur misses you.
You closely miss the centaur.
The centaur is heavily wounded.
The centaur hits you. The centaur hits you!
* * * LOW HITPOINT WARNING * * *
You hit the centaur but do no damage.
The centaur is heavily wounded.
The centaur hits you!
* * * LOW HITPOINT WARNING * * *
The centaur hits you.
* * * LOW HITPOINT WARNING * * *
You hit the centaur but do no damage.
The centaur is heavily wounded.
The centaur hits you.
* * * LOW HITPOINT WARNING * * *
The centaur hits you but does no damage.
A red film seems to cover your vision as you go berserk!
You feel yourself moving faster!
You feel mighty! The centaur hits you.
You die...

#..<(#.# ### #...(#.#
#....#.# ###.#.##.##
#.......). #.###...##
#.###...##
#####.#......#
#.c@.....(...#
#.....###.#.#....##.#
#..... #...........#
#..#... #####.##....
# ..###..#.# #.#
##### #..#...#.# #.#
##..# ##...###.#
###.### #...'
#.c.....###.....#
#...# .
##...............#
#.###


You could see a centaur.

Vanquished Creatures
  Sigmund (D:2)
  Blork the orc (D:4)
  A hound skeleton (D:4)
  6 adders
  3 gnolls (D:3)
  A shadow imp (D:4)
  2 oozes (D:1)
  2 worms
  2 dart slugs
  4 leopard geckos
  7 orcs
  3 giant cockroaches
  6 goblins
  11 hobgoblins
  7 kobolds
  A quokka (D:3)
  6 bats
  4 frilled lizards
  16 rats
84 creatures vanquished.

Notes
Turn   | Place    | Note
-------+----------+-------------------------------------------
     0 | D:1      | Martska the Ogre Hunter began the quest for the Orb.
     0 | D:1      | Reached XP level 1. HP: 22/22 MP: 1/1
   190 | D:1      | Reached XP level 2. HP: 12/31 MP: 2/2
   840 | D:1      | Reached skill level 1 in Stealth
   840 | D:1      | Reached XP level 3. HP: 34/37 MP: 3/3
  1409 | D:2      | Found a bloodstained altar of Trog.
  1421 | D:2      | Became a worshipper of Trog the Wrathful
  2071 | D:2      | Reached XP level 4. HP: 44/46 MP: 4/4
  2245 | D:2      | Noticed Sigmund
  2248 | D:2      | Killed Sigmund
  2249 | D:2      | Reached skill level 1 in Maces & Flails
  2249 | D:2      | Reached XP level 5. HP: 54/55 MP: 5/5
  2540 | D:2      | Reached XP level 6. HP: 62/63 MP: 6/6
  2737 | D:2      | Found an opulent altar of Gozag.
  3034 | D:3      | Reached * piety under Trog
  4768 | D:4      | Reached skill level 5 in Throwing
  4830 | D:4      | Noticed Blork the orc
  4838 | D:4      | Killed Blork the orc
  5460 | D:4      | Found a burning altar of Makhleb.
  5460 | D:4      | Found a glowing silver altar of Zin.
  5461 | D:4      | Noticed an angel
  5461 | D:4      | Noticed a green death
  5522 | D:4      | Reached skill level 5 in Fighting
  5592 | D:4      | HP: 2/66 [centaur (2)]
  5593 | D:4      | Slain by a centaur

Illustrated notes

Levels and vault maps discovered:
D:1:      matt_arrival_los_fun, layout_basic
D:2:      layout_loops_ring, grunt_gozag_breadcrumbs,
          ebering_dispersal_statue_hall, trog_butcher_becter, uniq_sigmund
D:3:      layout_rooms
D:4:      layout_loops_cross, grunt_temple_overflow_order_and_chaos_2,
          serial_glass, glass_columns_c, glass_columns_a,
          minmay_strange_pillars, item_on_display_a, minmay_strange_pillars,
          uniq_crazy_yiuf_cottage, uniq_blork_the_orc

Skill      XL: |  1  2  3  4  5  6 |
---------------+-------------------+-----
Fighting       | 3 4 5 |  5.0
Dodging        | 2 3 |  3.6
Stealth        | 1 |  1.9
Maces & Flails | 1 2 |  2.4
Throwing       | 5 |  5.1

Action                   |  1- 3 |  4- 6 || total
-------------------------+-------+-------++-------
Melee: Short sword       |   117 |       ||   117
       Whip              |    19 |   102 ||   121
       Flail             |       |   109 ||   109
Throw: Large rock        |       |     6 ||     6
Invok: Berserk           |       |     3 ||     3
  Use: Potion            |       |     1 ||     1
 Stab: Sleeping          |     2 |     2 ||     4
Armor: Robe              |    22 |       ||    22
       Animal skin       |    12 |    99 ||   111
Dodge: Dodged            |    67 |   167 ||   234
